 Dungeon Crawl Stone Soup version 0.29-a0-121-g8efb068a30 (webtiles) character file.

Game seed: 2498789947621994523

107554 Gargoyl the Severer (level 16, -9/107 HPs)
             Began as a Gargoyle Abyssal Knight on Feb 20, 2022.
             Was a Priest of Lugonu.
             Mangled by a two-headed ogre (11 damage)
             ... on level 15 of the Dungeon.
             The game lasted 00:38:58 (25921 turns).

Gargoyl the Severer (Gargoyle Abyssal Knight)      Turns: 25921, Time: 00:38:59

Health: -9/107     AC: 32    Str: 29    XL:     16   Next: 47%
Magic:  22/23      EV: 10    Int: 16    God:    Lugonu [***...]
Gold:   1736       SH:  3    Dex: 10    Spells: 15/15 levels left

rFire   + + .      SeeInvis +   m - +8 scimitar of Success {drain, Fly rF+ Int+3}
rCold   . . .      Faith    .   K - +0 buckler
rNeg    + . .      Spirit   .   o - +3 chain mail {rF+}
rPois   ∞          Reflect  .   c - +0 helmet
rElec   +          Harm     .   (no cloak)
rCorr   .          Rampage  .   (no gloves)
Will    ++...                   n - +1 pair of boots
Stlth   ..........              f - amulet of regeneration
HPRegen 1.07/turn               d - ring of willpower
MPRegen 0.18/turn               t - ring of Zusytirph {Str+6 SInv}

@: flying, studying Armour
A: sickness immunity, AC +12, big wings, negative energy resistance 1,
electricity resistance, torment resistance 1, petrification resistance, low MP 1
a: Renounce Religion, Depart the Abyss, Bend Space, Banish


You were on level 15 of the Dungeon.
You worshipped Lugonu.
Lugonu was most pleased with you.
You visited 2 branches of the dungeon, and saw 21 of its levels.
You visited the Abyss 4 times.

You collected 1931 gold pieces.
You spent 195 gold pieces at shops.

Inventory:

Hand Weapons
 b - a +4 war axe
 m - the +8 scimitar of Success (weapon) {drain, Fly rF+ Int+3}
   (You took it off an ogre mage on level 13 of the Dungeon)

   A truly terrible weapon, it drains the life of any living foe it strikes.
   Int:       It affects your intelligence (+3).
   rF:        It protects you from fire.
   Fly:       It grants you flight.
 I - a +5 scimitar of flaming
 J - a +2 broad axe of freezing
Missiles
 h - 26 poisoned darts (quivered)
 v - a throwing net
Armour
 c - a +0 helmet (worn)
 n - a +1 pair of boots (worn)
 o - a +3 chain mail of fire resistance (worn)
 K - a +0 buckler (worn)
Jewellery
 d - a ring of willpower (left hand)
 f - an amulet of regeneration (around neck)
 t - the ring of Zusytirph (right hand) {Str+6 SInv}
   (You acquired it on level 6 of the Dungeon)

   [ring of strength]

   Str:       It affects your strength (+6).
   SInv:      It lets you see invisible.
 u - a +6 ring of dexterity
 y - a +6 ring of dexterity
 D - a ring of magical power
 G - a ring of positive energy
Wands
 j - a wand of flame (14)
 p - a wand of iceblast (11)
 r - a wand of mindburst (12)
 w - a wand of polymorph (14)
 E - a wand of digging (6)
Scrolls
 k - a scroll of teleportation
 s - a scroll of fear
 x - 11 scrolls of identify
 z - 2 scrolls of fog
 A - 3 scrolls of blinking
 F - 2 scrolls of silence
 H - a scroll of magic mapping
Potions
 a - a potion of resistance
 e - 3 potions of haste
 g - 4 potions of magic
 l - 3 potions of flight
 q - 2 potions of lignification
 B - 2 potions of invisibility
 C - 2 potions of brilliance


   Skills:
 + Level 14.4 Fighting
 + Level 3.8 Long Blades
 + Level 16.2 Axes
 + Level 3.5 Throwing
 + Level 14.7 Armour
 + Level 4.9 Dodging
 + Level 2.4 Stealth
 + Level 0.5 Shields
 * Level 13.9 Invocations


You had 15 spell levels left.
You didn't know any spells.
Your spell library contained the following spells:

 Spells                   Type           Power      Damage    Failure   Level
 Magic Dart               Conj           0%         1d3       75%         1
 Corpse Rot               Necr/Air       0%         N/A       87%         2
 Poisonous Vapours        Pois/Air       0%         N/A       87%         2
 Searing Ray              Conj           0%         2d4       87%         2
 Static Discharge         Conj/Air       0%         N/A       87%         2
 Confusing Touch          Hex            0%         N/A       98%         3
 Dazzling Flash           Conj/Hex       0%         N/A       98%         3
 Ignite Poison            Fire/Tmut/Pois 0%         N/A       98%         3
 Inner Flame              Hex/Fire       0%         N/A       98%         3
 Mephitic Cloud           Conj/Pois/Air  0%         N/A       98%         3
 Portal Projectile        Hex/Tloc       0%         N/A       98%         3
 Stone Arrow              Conj/Erth      0%         3d7       98%         3
 Animate Armour           Summ/Erth      0%         N/A       100%        4
 Cause Fear               Hex            0%         N/A       100%        4
 Fulminant Prism          Conj/Hex       0%         3d6       100%        4
 Agony                    Necr           0%         N/A       100%        5
 Blade Hands              Tmut           0%         N/A       100%        5
 Excruciating Wounds      Necr           0%         N/A       100%        5
 Freezing Cloud           Conj/Ice/Air   0%         6-21      100%        5
 Iskenderun's Battlesphe  Conj           0%         2d6       100%        5
 Lightning Bolt           Conj/Air       0%         1d11      100%        5
 Silence                  Hex/Air        0%         N/A       100%        5
 Yara's Violent Unravell  Hex/Tmut       0%         3d3       100%        5
 Conjure Ball Lightning   Conj/Air       0%         3x3d6     100%        6
 Iron Shot                Conj/Erth      0%         9d1       100%        6
 Enfeeble                 Hex            0%         N/A       100%        7
 Spellforged Servitor     Conj/Summ      0%         N/A       100%        7
 Discord                  Hex            0%         N/A       100%        8
 Lehudib's Crystal Spear  Conj/Erth      0%         10d2      100%        8
 Maxwell's Capacitive Co  Air            0%         ∞         100%        8


Dungeon Overview and Level Annotations

Branches:
Dungeon (15/15)            Temple (0/1) D:4            Lair (6/6) D:8
  Swamp (0/4) Lair:3       Spider (0/4) Lair:2        Slime (0/5) Lair:5
    Orc (0/2) D:9          Vaults (0/5) D:13
 Depths: D:15

Altars:
Xom
Jiyva

Shops:
D:5 ?:=[

Annotations:
Lair:5 1 runed translucent door
Abyss:1 Murumi's ghost, journeyman TrMo


Innate Abilities, Weirdness & Mutations

You are immune to sickness and miasma.
Your stone body is resilient. (AC +12)
You are immune to poison.
Your large and strong wings let you fly.
You resist negative energy. (rN+)
You are resistant to electric shocks. (rElec)
You are resistant to unholy torment.
You are immune to petrification.
Your magical capacity is low. (-10% MP)


Message History

You slice the two-headed ogre!!
The two-headed ogre is moderately wounded.
The two-headed ogre barely misses you.
The two-headed ogre hits you with a +0 giant club!
The ogre hits you with a +0 giant spiked club.
Unknown command.
You slash the two-headed ogre! You drain the two-headed ogre.
The two-headed ogre is severely wounded.
The two-headed ogre hits you with a +0 dire flail.
The two-headed ogre hits you but does no damage.
The two-headed ogre hits you with a +0 giant spiked club.
The two-headed ogre hits you with a +0 giant club!
The ogre hits you with a +0 giant spiked club!
You slash the two-headed ogre! You drain the two-headed ogre.
The two-headed ogre is moderately wounded.
The two-headed ogre misses you.
The two-headed ogre hits you but does no damage.
The ogre mage casts a spell.
The ogre mage flickers and vanishes for a moment.
The two-headed ogre barely misses you.
The two-headed ogre hits you but does no damage.
The ogre hits you with a +0 giant spiked club.
The ogre mage closely misses you.
You slice the two-headed ogre!! You drain the two-headed ogre.
The two-headed ogre is severely wounded.
The two-headed ogre hits you with a +0 giant club!
* * * LOW HITPOINT WARNING * * *
The two-headed ogre hits you but does no damage.
The two-headed ogre hits you with a +0 giant spiked club!
* * * LOW HITPOINT WARNING * * *
The two-headed ogre hits you with a +0 giant club.
* * * LOW HITPOINT WARNING * * *
You block the ogre mage's attack. The ogre barely misses you.
Space bends violently around you!
The two-headed ogre blinks! x2; You blink.
The ogre enters a dispersal trap!
The ogre blinks!
The ogre mage blinks!
The two-headed ogre blinks!
The ogre blinks! x3; The two-headed ogre blinks!
The ogre blinks!
The two-headed ogre blinks!
The ogre blinks!
The two-headed ogre blinks!
The ogre blinks! x2; You blink.
The ogre blinks!
The two-headed ogre hits you with a +0 giant spiked club!
You die...

##......####.......'## #
...##)#..............###.##
#####.######......O..#.....
#.## #..§............. #..#
#.........#...... ##.#
#.§......[....... ######.#
#.........§OO.... ....##.#
###....§§O........
....##.###....§O@.§.....#######
....##.#...##..§..§...####QOO.#
....#....##......#O§O...(.O.OO#
................§§§#####...POO#
....##.......#####§# #.....O#
....#.............)######.....#
...................[........#O#
....#..#.....#########..#####.#
......##.....# ##.## #.#


You could see 2 two-headed ogres, an ogre mage (invisible, drained) and 4 ogres.

Vanquished Creatures
  A stone giant (D:14)
  A great orb of eyes (D:13)
  Fannar (Lair:1)
  Erolcha (D:9)
  An ice dragon (D:14)
  2 ogre magi
  3 boulder beetles
  4 catoblepae
  2 death knights
  2 dancing weapons (D:13)
  2 tengu warriors
  7 two-headed ogres
  24 death yaks
  2 centaur warriors (D:13)
  A skeletal warrior (D:15)
  Sonja (D:10)
  A deep troll (D:14)
  A fire crab (shapeshifter) (D:12)
  2 deep elf archers
  A swamp dragon (D:13)
  A wizard (D:13)
  Pikel (D:3)
  9 ugly things
  A deep elf pyromancer (D:13)
  A necromancer (D:14)
  A wolf spider (Lair:6)
  5 manticores
  8 cyclopes
  20 elephants
  4 black mambas
  A torpor snail (Lair:6)
  3 gargoyles
  9 cane toads
  2 unseen horrors (D:12)
  16 komodo dragons
  A yaktaur (D:13)
  A freezing wraith (D:15)
  Psyche (D:10)
  2 tengu conjurers
  4 efreet
  2 polar bears
  A meliai (D:13)
  Grinder (D:3)
  4 trolls
  16 dream sheep (Lair:4)
  5 blink frogs (Lair:6)
  13 slime creatures
  2 centaur simulacra
  Sigmund (D:3)
  3 wyverns
  A vampire (D:12)
  5 wraiths
  65 yaks
  Grum (D:8)
  A hog (shapeshifter) (D:14)
  5 basilisks
  13 vampire mosquitoes
  15 water moccasins
  A sky beast (D:5)
  4 orc warriors
  A necrophage (D:8)
  30 wolves
  3 ogres
  A wolf (shapeshifter) (D:14)
  A centaur (D:9)
  2 phantoms
  A kobold brigand (D:9)
  17 bullfrogs
  A gnoll sergeant (D:12)
  3 scorpions
  A wyvern skeleton (D:7)
  A small abomination (Abyss:1)
  16 wights
  14 killer bees
  3 electric eels
  4 howler monkeys
  3 bullfrog zombies
  2 centaur zombies (D:8)
  A bullfrog skeleton (D:6)
  5 hounds
  8 orc priests
  A centaur skeleton (D:7)
  3 iguanas
  7 orc wizards
  Terence (D:2)
  2 howler monkey zombies
  Robin (D:2)
  5 gnolls
  A howler monkey skeleton (D:6)
  2 adders (D:3)
  A shadow imp (D:5)
  A worm (D:2)
  3 dart slugs
  46 orcs
  6 ball pythons
  10 bats
  5 endoplasms
  2 giant cockroaches
  17 goblins
  11 hobgoblins
  5 jackals
  6 frilled lizards
  11 kobolds
  6 rats
581 creatures vanquished.

Vanquished Creatures (others)
  A wizard (D:12)
  An ogre (D:15)
  A bush (D:15)
  38 fungi
  46 plants
87 creatures vanquished.

Grand Total: 668 creatures vanquished

Notes
Turn   | Place    | Note
-------+----------+-------------------------------------------
     0 | Abyss:1  | Gargoyl the Gargoyle Abyssal Knight began the quest for the
                  | Orb.
     0 | Abyss:1  | Reached XP level 1. HP: 14/14 MP: 2/2
     0 | D:1      | Escaped the Abyss
   321 | D:1      | Reached skill level 2 in Axes
   321 | D:1      | Reached XP level 2. HP: 18/19 MP: 3/3
   360 | D:1      | Reached * piety under Lugonu
   510 | D:1      | Reached XP level 3. HP: 23/24 MP: 4/4
  1368 | D:1      | Reached skill level 1 in Dodging
  1568 | D:2      | Reached XP level 4. HP: 28/29 MP: 5/5
  1634 | D:2      | Reached ** piety under Lugonu
  1640 | D:2      | Noticed Robin
  1649 | D:2      | HP: 1/30 [goblin/sling bullet[Robin] (4)]
  2036 | D:2      | Killed Robin
  2241 | D:2      | Noticed Terence
  2253 | D:2      | Killed Terence
  2254 | D:2      | Reached skill level 3 in Axes
  2372 | D:2      | Reached XP level 5. HP: 34/34 MP: 6/6
  2823 | D:3      | Noticed Sigmund
  2971 | D:3      | Killed Sigmund
  2972 | D:3      | Reached XP level 6. HP: 14/39 MP: 7/7
  3250 | D:3      | Noticed Grinder
  3266 | D:3      | Killed Grinder
  3267 | D:3      | Reached skill level 4 in Axes
  3267 | D:3      | Reached XP level 7. HP: 36/44 MP: 8/8
  3523 | D:3      | Reached skill level 5 in Fighting
  3549 | D:3      | Reached skill level 1 in Throwing
  3627 | D:3      | Reached *** piety under Lugonu
  4329 | D:4      | Noticed Pikel
  4379 | D:3      | Killed Pikel
  4380 | D:3      | Reached skill level 6 in Axes
  4380 | D:3      | Reached skill level 5 in Armour
  4380 | D:3      | Reached skill level 1 in Stealth
  4380 | D:3      | Reached XP level 8. HP: 42/50 MP: 9/9
  4935 | D:4      | Found a staircase to the Ecumenical Temple.
  5039 | D:5      | Entered Level 5 of the Dungeon
  5212 | D:5      | Found Buunos's Book Shop.
  5213 | D:5      | Found Doot Ham's Magic Scroll Shop.
  5215 | D:5      | Found Cosootao's Antique Armour Shop.
  5220 | D:5      | Found Kushen's Jewellery Shop.
  5227 | D:5      | Bought a scroll of teleportation for 30 gold pieces
  5235 | D:5      | Bought a shiny chain mail for 165 gold pieces
  5422 | D:5      | Reached **** piety under Lugonu
  5510 | D:5      | Reached XP level 9. HP: 52/56 MP: 10/10
  6198 | D:5      | Reached skill level 7 in Axes
  6319 | D:6      | Identified a scroll of acquirement
  6319 | D:6      | Acquired a ring of willpower
  6410 | D:6      | Found a shimmering altar of Xom.
  6869 | D:6      | Acquired the ring of Zusytirph {Str+6 SInv}
  6943 | D:6      | Gained mutation: Your magical capacity is low. (-10% MP)
                  | [potion of mutation]
  7025 | D:6      | Reached skill level 8 in Axes
  7536 | D:7      | Reached skill level 9 in Axes
  7536 | D:7      | Reached XP level 10. HP: 63/63 MP: 0/10
  8303 | D:8      | Found a staircase to the Lair.
  8341 | D:8      | Noticed Grum
  8525 | D:8      | Killed Grum
  8609 | D:8      | Noticed a two-headed ogre
  8644 | D:8      | Killed a two-headed ogre
  8897 | D:8      | Reached skill level 10 in Axes
  9235 | D:8      | Noticed a two-headed ogre
  9244 | D:8      | Killed a two-headed ogre
  9462 | D:9      | Found a staircase to the Orcish Mines.
  9483 | D:9      | Reached ***** piety under Lugonu
  9864 | D:9      | Reached XP level 11. HP: 55/69 MP: 0/12
 10390 | D:9      | Noticed Erolcha
 10406 | D:9      | Cast into level 1 of the Abyss (Erolcha)
 10453 | Abyss:1  | Noticed a death knight
 10454 | Abyss:1  | Found a corrupted altar of Lugonu.
 10469 | D:9      | Escaped the Abyss
 10476 | D:9      | Killed Erolcha
 10872 | D:10     | Entered Level 10 of the Dungeon
 10949 | Lair:1   | Entered Level 1 of the Lair of Beasts
 10960 | Lair:1   | Reached skill level 11 in Axes
 10962 | Lair:1   | Noticed a five-headed hydra
 11190 | D:7      | Banished a five-headed hydra
 11191 | D:7      | Reached skill level 5 in Invocations
 12281 | Lair:2   | Reached XP level 12. HP: 72/77 MP: 15/15
 12345 | Lair:2   | Found a hole to the Spider Nest.
 12435 | Lair:2   | Reached skill level 10 in Armour
 12455 | Lair:2   | Noticed Fannar
 12560 | Lair:1   | Killed Fannar
 12561 | Lair:1   | Reached skill level 12 in Axes
 12648 | Lair:2   | Reached skill level 10 in Fighting
 12846 | Lair:2   | Noticed a catoblepas
 12873 | Lair:2   | Killed a catoblepas
 13149 | Lair:2   | Noticed a six-headed hydra
 13150 | Lair:2   | Banished a six-headed hydra
 13535 | Lair:3   | Found a staircase to the Swamp.
 13962 | Lair:3   | Found a runed translucent gate.
 13963 | Lair:3   | Found a runed translucent gate.
 13963 | Lair:3   | Found a runed translucent gate.
 13964 | Lair:3   | Noticed Murumi's ghost (journeyman TrMo)
 14059 | Lair:3   | Noticed an eight-headed hydra
 14060 | Lair:3   | Banished an eight-headed hydra
 14356 | Lair:3   | Banished Murumi's ghost
 14357 | Lair:3   | Reached skill level 13 in Axes
 14357 | Lair:3   | Reached XP level 13. HP: 44/84 MP: 12/17
 15647 | Lair:5   | Identified the +3 whip "Dragonbane" {holy, Will+ Str+6
                  | Dex+4}
 15859 | Lair:5   | Found a runed translucent door.
 15861 | Lair:5   | Found a viscous altar of Jiyva.
 15863 | Lair:5   | Found a staircase to the Slime Pits.
 16253 | Lair:6   | Entered Level 6 of the Lair of Beasts
 16452 | Lair:6   | Reached skill level 14 in Axes
 16723 | Lair:4   | Gained mutation: Your large and strong wings let you fly.
                  | [Gargoyle growth]
 16723 | Lair:4   | Reached XP level 14. HP: 64/92 MP: 19/19
 16784 | Lair:5   | Reached skill level 10 in Invocations
 17402 | Lair:5   | Reached ****** piety under Lugonu
 17652 | Lair:6   | Got Sif Muna's Papyrus of Flamy Feathers
 18084 | Lair:6   | Reached skill level 15 in Axes
 18855 | Lair:6   | Reached XP level 15. HP: 47/98 MP: 21/21
 18981 | Lair:6   | Identified the +1 mace of Infection {drain, Str-2 Int+7
                  | Dex+3}
 19249 | D:10     | Noticed Psyche
 19264 | D:10     | Killed Psyche
 19297 | D:10     | Noticed Sonja
 19320 | D:10     | Cast into level 1 of the Abyss (Sonja)
 19360 | D:10     | Escaped the Abyss
 19375 | D:10     | Killed Sonja
 21434 | D:12     | Found a runed translucent door.
 21434 | D:12     | Noticed a storm dragon
 21460 | D:12     | Noticed a tengu reaver
 22369 | D:12     | Escaped the Abyss
 22472 | D:13     | Found a gate to the Vaults.
 22481 | D:13     | Reached skill level 16 in Axes
 23532 | D:13     | Noticed a fire giant
 23545 | D:13     | Banished a fire giant
 23824 | D:13     | Reached XP level 16. HP: 106/106 MP: 23/23
 23857 | D:13     | Identified the +8 scimitar of Success {drain, Fly rF+
                  | Int+3}
 24586 | D:14     | Reached skill level 1 in Long Blades
 25152 | D:15     | Entered Level 15 of the Dungeon
 25464 | D:14     | HP: 4/107 [two-headed ogre (19)]
 25464 | D:14     | HP: 1/107 [two-headed ogre (3)]
 25920 | D:15     | HP: 3/107 [two-headed ogre (3)]
 25921 | D:15     | Mangled by a two-headed ogre

Illustrated notes

Levels and vault maps discovered:
D:1:      dpeg_cavernosity, layout_basic
D:2:      layout_rooms, uniq_terence, uniq_robin
D:3:      layout_basic, serial_bayou_lagoon_b, uniq_sigmund, uniq_grinder
D:4:      layout_loops_ring, minmay_temple_entry_wispy, minmay_misc_feat_alley,
          uniq_pikel
D:5:      layout_basic, nrook_pool_corridor, minmay_shop_grid_forest
D:6:      layout_gridville, mainiacjoe_overflow_surrounded_room,
          minmay_misc_feat_columns
D:7:      layout_loops_corners
D:8:      layout_loops_ring, lair_entry_dummy, uniq_grum
D:9:      layout_loops_corners, orc_david_3, uniq_erolcha
D:10:     layout_roguey, minmay_crystal_water, uniq_psyche, uniq_sonja
D:11:     layout_basic
D:12:     wad_woods_structure_01, layout_irregular_city, minmay_hidden_floor
D:13:     evilmike_diamond_2, layout_irregular_city, erik_vaults_1, pond
D:14:     layout_roguey, minmay_misc_feat_square, portal_ice_cave_entry_dragon,
          minmay_shattered_shrine
D:15:     grunt_enter_depths_snipers, layout_rooms,
          chequers_serial_rivers_micro_d, chequers_arboretum,
          serial_park_tiny_1, chequers_serial_rivers_room_a, guppyfry_shop_blood
Lair:1:   layout_cave_pods
Lair:2:   layout_chaotic_city, hellmonk_spider_entry_not_the_bees, uniq_fannar
Lair:3:   layout_gridlike, minmay_swamp_entry_swarm, ebering_ghost_rock_garden,
          infiniplex_staircase_pool_2
Lair:4:   layout_regular_city
Lair:5:   layout_long_grid, slime_altar_2, grunt_megastairs_1
Lair:6:   evilmike_catoblepas_cave, layout_gridlike, grunt_megastairs_2

Skill      XL: |  1  2  3  4  5  6  7  8  9 10 11 12 13 14 15 16 |
---------------+-------------------------------------------------+-----
Axes           | 2 3 4 6 9 10 11 13 14 15 16 | 16.2
Fighting       | 4 5 6 7 8 9 10 12 13 14 | 14.4
Dodging        | 1 2 3 4 |  4.9
Armour         | 3 4 5 6 7 8 9 10 11 12 14 | 14.7
Throwing       | 1 2 3 |  3.5
Stealth        | 1 2 |  2.4
Invocations    | 3 6 8 9 11 13 | 13.9
Long Blades    | 3 |  3.8
Shields        | |  0.5

Action                   |  1- 3 |  4- 6 |  7- 9 | 10-12 | 13-15 | 16-18 || total
-------------------------+-------+-------+-------+-------+-------+-------++-------
Melee: Hand axe          |    92 |   103 |   179 |       |       |       ||   374
       Punch             |       |     1 |     4 |    13 |    38 |     1 ||    57
       War axe           |       |       |   218 |   693 |  1350 |    59 ||  2320
       Scimitar          |       |       |       |       |       |   263 ||   263
Throw: Dart              |       |     6 |    12 |    16 |    27 |       ||    61
Invok: Depart the Abyss  |     1 |       |       |     1 |     2 |       ||     4
       Bend Space        |       |       |       |     5 |     1 |     3 ||     9
       Banish            |       |       |       |     6 |    21 |     3 ||    30
       Enter the Abyss   |       |       |       |       |     1 |       ||     1
Evoke: Wand              |       |       |       |       |     2 |       ||     2
  Use: Scroll            |     2 |     1 |    18 |     5 |     5 |     6 ||    37
       Potion            |       |     3 |     3 |     4 |     8 |     1 ||    19
Armor: Leather armour    |    31 |       |       |       |       |       ||    31
       Chain mail        |    52 |    90 |   303 |   673 |  1081 |   342 ||  2541
       Skin              |       |     2 |       |       |       |       ||     2
Dodge: Dodged            |    66 |    56 |   173 |   458 |   635 |   217 ||  1605
Block: Buckler           |       |       |       |       |       |    39 ||    39

Table legend: (Time is in decaauts)
 A = Elapsed time spent in this place.
 B = Non-inter-level travel time spent in this place.
 C = Inter-level travel time spent in this place.
 D = Time resting spent in this place.
 E = Time spent auto-exploring this place.
 F = Levels seen in this place.
 G = Mean time per level.
                   A        B        C        D        E       F      G
               +--------+--------+--------+--------+--------+-----+--------+
         Total |  25772 |  24866 |    906 |   2349 |  16155 |  25 | 1030.9 |
       Dungeon |  17852 |  17306 |    546 |   1524 |  11912 |  15 | 1190.1 |
          Lair |   7753 |   7393 |    360 |    783 |   4163 |   6 | 1292.2 |
         Abyss |    166 |    166 |      0 |     42 |     80 |   4 |   41.5 |
               +--------+--------+--------+--------+--------+-----+--------+

Top non-repeatable levels by time:
     D:1: 1867 daAuts
    D:13: 1700 daAuts
     D:3: 1614 daAuts
  Lair:6: 1581 daAuts
  Lair:4: 1441 daAuts
     D:9: 1421 daAuts
    D:12: 1400 daAuts
  Lair:5: 1352 daAuts
     D:7: 1295 daAuts
     D:5: 1293 daAuts
     D:8: 1287 daAuts
  Lair:1: 1209 daAuts
    D:14: 1136 daAuts
  Lair:3: 1116 daAuts
  Lair:2: 1052 daAuts
